AoeStats
← Konstantinos V Basileius Romaion

MegaRandom

509181938Analyzed
4v4 RM · 7d ago on Sep 25, 2026· 80m 22s· 8 players
Game mode
Random Map
Map size
Large (8 player)
Population
200
Speed
Normal
Resources
Standard
Victory
Conquest
Starting age
Dark Age
Ending age
Imperial Age
RankedLock teamsTeams togetherTeam positionsShared explorationLock speedFull tech treeHidden civsTurbo modeCheats
Victory
Defeat
🇫🇷 Goths · France
923
+16
🇬🇧 Koreans · United Kingdom
888
+17
🇺🇸 Persians · United States
864
+18
🇵🇰 Huns · Pakistan
857
+18
🇬🇧 Cumans · United Kingdom
947
-20
939
-18
🇫🇷 Malians · France
934
-18
🇨🇱 Maya · Chile
819
-13
Matcauthon77
12:36 Feudal Age
13:57 Double-Bit Axe
16:13 Horse Collar
23:17 Gold Mining
23:20 Stone Mining
24:39 Wheelbarrow
26:38 Castle Age
25:50 Forging
25:46 Scale Barding Armor
29:03 Bloodlines
28:54 Husbandry
30:07 Hand Cart
32:45 Bow Saw
32:39 Heavy Plow
35:01 Iron Casting
34:58 Chain Barding Armor
42:40 Kamandaran
45:35 Imperial Age
45:30 Cavalier
47:15 Blast Furnace
46:50 Plate Barding Armor
47:01 Savar
49:39 Padded Archer Armor
50:05 Conscription
53:35 Chemistry
52:57 Ballistics
60:16 Two-Man Saw
59:36 Leather Archer Armor
59:50 Thumb Ring
61:19 Elite Cannon Galleon
62:27 Light Cavalry
64:09 Ballistics
64:43 Hussar
Mezzie1995
2:58 Loom
13:04 Feudal Age
19:40 Castle Age
18:16 Wheelbarrow
17:27 Town Watch
18:13 Fishing Lines
18:22 Double-Bit Axe
19:30 Gold Mining
19:31 Stone Mining
20:17 Gillnets
23:33 Horse Collar
26:09 Hand Cart
25:55 Fletching
25:59 Gillnets
26:22 Fervor
26:59 Bow Saw
26:51 Heavy Plow
27:30 Gold Shaft Mining
27:31 Stone Shaft Mining
31:21 Town Patrol
31:19 Bodkin Arrow
31:08 Treadmill Crane
31:49 Ballistics
33:45 Eupseong
34:16 Masonry
34:17 Fortified Wall
34:03 Murder Holes
34:37 Clinker Construction
34:36 Scale Barding Armor
38:15 Imperial Age
37:01 Chain Barding Armor
36:41 Scale Mail Armor
36:52 Forging
38:17 Heated Shot
40:03 Chemistry
39:34 Architecture
39:09 Siege Engineers
39:25 Carvel Hull
38:31 Elite War Wagon
39:37 Conscription
40:23 Two-Man Saw
39:29 Bracer
40:05 Iron Casting
41:18 Shinkichon
41:41 Squires
41:26 Arson
41:06 Pikeman
41:06 Man-at-Arms
42:03 Long Swordsman
42:04 Halberdier
42:07 Elite Fire Lancer
43:18 Two-Handed Swordsman
44:36 Chain Mail Armor
45:48 Champion
47:27 Plate Mail Armor
48:35 Caravan
48:46 Guilds
57:12 Cavalier
57:52 Husbandry
66:46 Light Cavalry
67:48 Heavy Rocket Cart
67:49 Capped Ram
72:05 Capped Ram
80:48 Thumb Ring
80:03 Crossbowman
80:04 Elite Skirmisher
80:04 Heavy Cavalry Archer
pixoum
5:11 Loom
14:10 Feudal Age
15:56 Wheelbarrow
18:28 Castle Age
16:48 Double-Bit Axe
17:59 Horse Collar
19:52 Bow Saw
20:22 Hand Cart
29:28 Forging
29:19 Scale Mail Armor
29:53 Gold Mining
31:15 Heavy Plow
31:57 Iron Casting
31:38 Chain Mail Armor
32:04 Anarchy
32:53 Squires
32:14 Pikeman
35:51 Imperial Age
36:05 Elite Huskarl
36:46 Perfusion
37:06 Conscription
37:51 Blast Furnace
36:18 Halberdier
44:05 Man-at-Arms
44:39 Long Swordsman
45:15 Two-Handed Swordsman
45:31 Champion
51:04 Onager
63:47 Two-Man Saw
68:27 Crop Rotation
67:44 Town Watch
68:04 Stone Mining
68:18 Caravan
68:26 Scale Barding Armor
67:48 Capped Ram
70:19 Chemistry
70:30 Stone Shaft Mining
70:38 Siphons
70:56 Ballistics
70:51 Masonry
71:04 Sanctity
70:47 Devotion
70:31 Treadmill Crane
70:47 Murder Holes
71:21 Heated Shot
71:44 Clinker Construction
71:47 Careening
71:50 Fervor
72:04 Faith
72:09 Illumination
72:21 Elite Skirmisher
72:24 Crossbowman
73:30 Incendiaries
73:43 Carvel Hull
74:06 Theocracy
73:29 Herbal Medicine
73:08 Heavy Scorpion
74:33 Chain Barding Armor
74:13 Padded Archer Armor
74:04 Fletching
74:46 Coinage
75:59 Heavy Cavalry Archer
78:38 Fishing Lines
79:12 Medium Warships
78:26 Demolition Ship
78:39 Cavalier
78:42 Light Cavalry
79:36 Bloodlines
79:29 Husbandry
80:07 Architecture
79:41 Bodkin Arrow
80:09 Leather Archer Armor
80:33 Banking
80:24 Guilds
Sherdil
3:01 Loom
11:56 Feudal Age
16:05 Double-Bit Axe
18:24 Castle Age
17:04 Gold Mining
19:57 Gold Shaft Mining
19:35 Bow Saw
21:51 Scale Barding Armor
21:41 Fletching
34:02 Horse Collar
38:50 Imperial Age
38:39 Wheelbarrow
38:19 Heavy Plow
39:58 Stone Mining
40:01 Cavalier
41:29 Paladin
42:28 Scale Barding Armor
44:13 Chain Barding Armor
44:07 Forging
45:02 Hand Cart
45:07 Bloodlines
45:48 Plate Barding Armor
45:54 Iron Casting
48:19 Murder Holes
48:35 Masonry
49:27 Chemistry
50:22 Blast Furnace
51:01 Husbandry
57:28 Caravan
59:37 Two-Man Saw
gazza17
12:03 Feudal Age
12:49 Double-Bit Axe
14:18 Loom
15:08 Wheelbarrow
18:52 Gold Mining
21:05 Castle Age
19:34 Stone Mining
21:03 Scale Barding Armor
21:47 Horse Collar
22:56 Heavy Plow
24:30 Bow Saw
25:41 Bloodlines
25:45 Forging
28:06 Chain Barding Armor
29:34 Hand Cart
30:17 Gold Shaft Mining
34:59 Imperial Age
34:03 Iron Casting
33:46 Steppe Husbandry
34:39 Fletching
36:41 Blast Furnace
36:17 Plate Barding Armor
36:05 Conscription
35:10 Elite Steppe Lancer
38:30 Man-at-Arms
39:11 Squires
39:24 Scale Mail Armor
40:21 Chain Mail Armor
39:29 Pikeman
39:32 Long Swordsman
40:23 Two-Handed Swordsman
41:13 Champion
42:30 Plate Mail Armor
49:46 Pikeman
50:57 Halberdier
61:14 Ballistics
60:51 Bodkin Arrow
Plot
Konstantinos V Basileius Romaion
11:50 Feudal Age
10:11 Loom
16:44 Castle Age
15:51 Double-Bit Axe
15:50 Horse Collar
19:18 Bow Saw
24:59 Heavy Plow
28:19 Gold Mining
28:19 Stone Mining
29:07 Wheelbarrow
28:48 Fletching
28:59 Padded Archer Armor
30:18 Elite Skirmisher
34:33 Imperial Age
32:18 Hand Cart
31:49 Treadmill Crane
32:43 Forging
32:39 Scale Barding Armor
34:20 Gold Shaft Mining
34:20 Stone Shaft Mining
33:59 Husbandry
34:22 Ballistics
34:41 Iron Casting
35:10 Squires
34:56 Arson
35:11 Bodkin Arrow
35:37 Chain Barding Armor
35:33 Leather Archer Armor
36:53 Crop Rotation
37:25 Two-Man Saw
36:29 Scale Mail Armor
36:27 Murder Holes
36:43 Fortified Wall
36:44 Pikeman
37:48 Bracer
38:25 Plate Barding Armor
38:18 Thumb Ring
39:00 Elite Cataphract
40:57 Conscription
41:23 Hoardings
41:45 Logistica
43:01 Chain Mail Armor
43:54 Halberdier
46:59 Plate Mail Armor
47:00 Ring Archer Armor
46:20 Heavy Camel Rider
46:23 Elite Varangian Guard
53:03 Chemistry
53:58 Medium Warships
55:13 Heavy Warships
54:34 Demolition Ship
55:55 Heavy Demolition Ship
59:33 Greek Fire
60:54 Light Cavalry
CACO
2:07 Loom
10:41 Feudal Age
11:08 Double-Bit Axe
11:06 Horse Collar
17:29 Castle Age
16:00 Gold Mining
16:41 Padded Archer Armor
17:16 Fletching
17:20 Stone Mining
23:22 Squires
24:05 Arson
24:41 Elite Skirmisher
26:39 Eagle Warrior
27:15 Crossbowman
28:36 Town Watch
34:16 Imperial Age
32:55 Leather Archer Armor
33:09 Caravan
34:16 Wheelbarrow
34:22 Forging
35:06 Scale Mail Armor
36:12 Hand Cart
36:15 Bodkin Arrow
37:00 Ballistics
37:18 Bow Saw
38:17 Bracer
38:48 Ring Archer Armor
37:42 Pikeman
40:04 Elite Eagle Warrior
40:05 Halberdier
41:38 Iron Casting
41:18 Chain Mail Armor
40:27 Arbalester
42:14 Conscription
42:26 Heavy Plow
43:28 Two-Man Saw
43:20 Holcans
44:08 Hul'che Javelineers
44:04 Elite Plumed Archer
46:19 Blast Furnace
45:11 Capped Ram
46:41 Plate Mail Armor
47:32 Chemistry
47:04 Siege Ram
60:59 Heavy Scorpion
Connection lost

Rejoining the realm…

Still unreachable

The connection could not be restored.

Session expired

The server has moved on; the page needs a fresh start.